 Dungeon Crawl Stone Soup version 0.29-a0-1019-g84f7d21838 (webtiles) character file.

Game seed: 7031905859376753636

6840 siradein the Fighter (level 11, 0/95 HPs)
             Began as a Ghoul Fighter on Aug 10, 2022.
             Was an Elder of Okawaru.
             Slain by an orc warrior
             ... wielding a +3 vampiric trident
              (10 damage)
             ... on level 11 of the Dungeon.
             The game lasted 00:39:16 (12978 turns).

siradein the Fighter (Ghoul Fighter)               Turns: 12978, Time: 00:39:17

Health: 0/95       AC: 20    Str: 21    XL:     11   Next: 5%
Magic:  23/23      EV:  5    Int:  3    God:    Okawaru [****..]
Gold:   686        SH: 10    Dex: 12    Spells: 10/10 levels left

rFire   + . .      SeeInvis .   J - +0 morningstar
rCold   + . .      Faith    .   F - +0 kite shield
rNeg    + + +      Spirit   .   s - +0 plate armour
rPois   ∞          Reflect  .   (no helmet)
rElec   .          Harm     .   H - +2 cloak
rCorr   .          Rampage  .   a - +0 pair of gloves
Will    .....                   l - +1 pair of boots
Stlth   ..........              (no amulet)
HPRegen 0.00/turn               g - ring of protection from fire
MPRegen 0.18/turn               G - ring of magical power

@: about to teleport, inhibited regen
A: claws 1, cold resistance 1, negative energy resistance 3, inhibited
regeneration, torment resistance 2, devour on kill
a: Renounce Religion, Heroism, Finesse


You were on level 11 of the Dungeon.
You worshipped Okawaru.
Okawaru was greatly pleased with you.
You visited 2 branches of the dungeon, and saw 13 of its levels.

You collected 686 gold pieces.

Inventory:

Hand Weapons
 p - a +3 flail of protection
 J - a +0 morningstar (weapon)
Missiles
 b - 4 boomerangs of dispersal
 i - 98 stones (quivered)
 t - 5 datura-tipped darts
 D - 5 javelins
 E - 7 curare-tipped darts
 K - 6 silver javelins
Armour
 a - a +0 pair of gloves (worn)
 l - a +1 pair of boots (worn)
 s - a +0 plate armour (worn)
 F - a +0 kite shield (worn)
 H - a +2 cloak (worn)
Jewellery
 g - a ring of protection from fire (left hand)
 B - a ring of fire
 G - a ring of magical power (right hand)
 L - a ring of fire
Wands
 k - a wand of mindburst (6)
 v - a wand of polymorph (10)
 I - a wand of flame (16)
Scrolls
 c - a scroll of fear {unknown}
 f - 3 scrolls of enchant weapon
 h - 4 scrolls of noise {unknown}
 j - 8 scrolls of teleportation
 q - 2 scrolls of magic mapping {unknown}
 w - a scroll of poison
 y - 3 scrolls of amnesia
 M - 3 scrolls of brand weapon
Potions
 d - a potion of might
 e - 2 potions of invisibility
 m - 9 potions of curing
 n - 3 potions of brilliance
 o - a potion of resistance {unknown}
 r - a potion of heal wounds
 u - 2 potions of flight {unknown}
 x - a potion of cancellation {unknown}
 z - a potion of degeneration {unknown}
 A - a potion of lignification {unknown}
 C - 2 potions of magic {unknown}


   Skills:
 + Level 8.6 Fighting
 + Level 6.8 Maces & Flails
 + Level 4.8 Throwing
 + Level 7.1 Armour
 + Level 7.2 Shields
 + Level 6.4 Invocations


You had 10 spell levels left.
You didn't know any spells.
Your spell library contained the following spells:

 Spells                   Type           Power      Damage    Failure   Level
 Magic Dart               Conj           0%         1d3       100%        1
 Necrotise                Necr           0%         1d4       100%        1
 Searing Ray              Conj           0%         2d4       100%        2
 Portal Projectile        Hex/Tloc       0%         N/A       100%        3
 Vampiric Draining        Necr           0%         2d6       100%        3
 Fulminant Prism          Conj/Hex       0%         3d6       100%        4
 Agony                    Necr           0%         N/A       100%        5
 Tukima's Dance           Hex            Unusable   N/A       N/A         3
 Blade Hands              Tmut           Unusable   N/A       N/A         5

Dungeon Overview and Level Annotations

Branches:
Dungeon (12/15)            Temple (1/1) D:5            Lair (0/5) D:9
    Orc (0/2) D:11

Altars:
Ashenzari
Cheibriados
Dithmenos
Fedhas
Gozag
Hepliaklqana
Kikubaaqudgha
Makhleb
Nemelex Xobeh
Okawaru
Qazlal
Ru
Sif Muna
Trog
Uskayaw
Vehumet
Wu Jian
Xom
Yredelemnul

Shops:
D:1 *   D:4 :   D:5 *

Annotations:
D:3 1 runed translucent door, Crazy Yiuf


Innate Abilities, Weirdness & Mutations

You are immune to poison.
You have sharp fingernails.
Your flesh is cold resistant. (rC+)
You are immune to negative energy. (rN+++)
You do not regenerate when monsters are visible.
You are immune to unholy pain and torment.
You thrive by killing the living.


Message History

You sock the orc warrior!
The orc warrior is severely wounded.
The orc warrior hits you with a +0 long sword.
You block the orc warrior's attack.
You hit the orc warrior but do no damage.
The orc warrior is severely wounded.
You block the orc warrior's attack. x2
The orc warrior hits you with a +0 long sword!
* * * LOW HITPOINT WARNING * * *
The orc warrior barely misses you.
You hit the orc warrior.
The orc warrior is almost dead.
The orc warrior closely misses you. You block the orc warrior's attack.
You barely miss the orc warrior.
The orc warrior is almost dead.
The orc warrior hits you with a +0 long sword.
* * * LOW HITPOINT WARNING * * *
The orc warrior hits you from afar with a +3 vampiric trident.
* * * LOW HITPOINT WARNING * * *
You barely miss the orc warrior.
The orc warrior is almost dead.
The orc warrior hits you but does no damage.
The orc warrior hits you from afar with a +3 vampiric trident.
* * * LOW HITPOINT WARNING * * *
The orc warrior hits you but does no damage.
The orc warrior hits you with a +0 long sword.
* * * LOW HITPOINT WARNING * * *
You sock the orc warrior!
You kill the orc warrior!
Okawaru accepts your kill. You block the orc warrior's attack.
You block the orc warrior's attack.
There is an open door here.
The orc warrior hits you from afar with a +3 vampiric trident!
* * * LOW HITPOINT WARNING * * *
There is an open door here.
As you read the scroll of teleportation, it crumbles to dust.
You feel strangely unstable.
The orc warrior hits you from afar with a +3 vampiric trident!
You die...

##########################
...#..#.........#.....#..#
...#..#.........#.....#..#
...#..'...og.go.@.....'..#
...#..#.........#.....#..#
#######.##########.#######
...g.g..#.....'..#..#
.o..g...#.....#..#..#
.###'#####.##.#######.####
.#....#..'..>.........#..#
.#....#..#............#..#
#######'#####...#######..#


You could see 2 orc warriors and 2 gnoll sergeants.

Vanquished Creatures
  A deep elf pyromancer (D:10)
  Joseph (D:10)
  Maggie (D:9)
  A komodo dragon (D:10)
  A shadow (D:11)
  A wyvern (D:7)
  A vampire (D:11)
  A wraith (D:12)
  5 yaks (D:9)
  A steam dragon (D:9)
  4 acid dragons
  3 water moccasins (D:7)
  2 ice beasts
  4 orc warriors
  A black bear (D:9)
  3 ogres
  3 centaurs
  2 kobold brigands
  7 bullfrogs
  A gnoll sergeant (D:11)
  2 scorpions
  10 killer bees
  8 howler monkeys
  5 jellies
  4 orc priests
  3 hounds
  4 iguanas
  4 orc wizards
  5 gnolls
  10 adders
  A white imp (D:5)
  An ufetubus (D:5)
  3 worms
  24 orcs
  4 bats
  7 endoplasms
  6 giant cockroaches
  2 goblins
  9 hobgoblins
  2 jackals (D:1)
  11 kobolds
  5 quokkas
  9 ball pythons
  3 frilled lizards
  4 rats
  A butterfly (D:5)
191 creatures vanquished.

Vanquished Creatures (others)
  2 kobolds (D:9)
  6 fungi (D:9)
  7 plants (D:9)
15 creatures vanquished.

Grand Total: 206 creatures vanquished

Notes
Turn   | Place    | Note
-------+----------+-------------------------------------------
     0 | D:1      | siradein the Ghoul Fighter began the quest for the Orb.
     0 | D:1      | Reached XP level 1. HP: 19/19 MP: 0/0
    93 | D:1      | Reached XP level 2. HP: 20/26 MP: 1/1
   501 | D:1      | Found a faded altar of an unknown god.
   562 | D:1      | Reached XP level 3. HP: 27/31 MP: 2/2
   597 | D:1      | Found Uczir's Assorted Antiques.
  1351 | D:2      | Reached XP level 4. HP: 40/40 MP: 3/3
  1708 | D:3      | Reached skill level 4 in Fighting
  2246 | D:3      | Reached XP level 5. HP: 30/46 MP: 4/4
  3153 | D:3      | Found a runed translucent door.
  3154 | D:3      | Noticed Crazy Yiuf
  3569 | D:4      | Noticed an ogre
  3577 | D:4      | Killed an ogre
  3578 | D:4      | Reached XP level 6. HP: 50/53 MP: 5/5
  3708 | D:4      | Found Zablar's Book Shop.
  3719 | D:4      | Found a broken altar of Ashenzari.
  4105 | D:5      | Entered Level 5 of the Dungeon
  4114 | D:5      | Noticed an ice beast
  4125 | D:5      | Killed an ice beast
  4126 | D:5      | Reached skill level 5 in Fighting
  4126 | D:5      | Reached XP level 7. HP: 55/61 MP: 6/6
  4800 | D:5      | Found Garurch's Assorted Antiques.
  4808 | D:5      | Found a staircase to the Ecumenical Temple.
  4815 | Temple   | Entered the Ecumenical Temple
  4909 | Temple   | Became a worshipper of Warmaster Okawaru
  5051 | D:6      | Reached XP level 8. HP: 66/70 MP: 7/7
  5661 | D:6      | Reached skill level 1 in Invocations
  5819 | D:7      | Reached skill level 6 in Fighting
  5819 | D:7      | Reached skill level 5 in Armour
  5819 | D:7      | Reached skill level 5 in Shields
  6086 | D:7      | Reached * piety under Okawaru
  6158 | D:7      | Reached skill level 1 in Throwing
  6351 | D:7      | Found a sacrificial altar of Ru.
  6466 | D:7      | Noticed a wyvern
  6484 | D:7      | Killed a wyvern
  6485 | D:7      | Reached skill level 5 in Maces & Flails
  6485 | D:7      | Reached XP level 9. HP: 32/78 MP: 8/10
  6799 | D:7      | Reached ** piety under Okawaru
  8408 | D:7      | Reached skill level 7 in Fighting
  9663 | D:9      | Reached *** piety under Okawaru
  9953 | D:9      | Received a gift from Okawaru
 10043 | D:9      | Reached XP level 10. HP: 78/86 MP: 12/12
 10118 | D:9      | Reached skill level 5 in Invocations
 10560 | D:9      | Noticed Maggie
 10576 | D:9      | Killed Maggie
 10576 | D:9      | Reached **** piety under Okawaru
 10792 | D:9      | Found a staircase to the Lair.
 10804 | D:9      | Reached skill level 8 in Fighting
 11103 | D:10     | Entered Level 10 of the Dungeon
 11126 | D:10     | HP: 4/88 [komodo dragon (12)]
 11691 | D:10     | Found a shimmering altar of Xom.
 11794 | D:10     | Found a hide-covered altar of Uskayaw.
 11843 | D:10     | Received a gift from Okawaru
 11902 | D:10     | Noticed a deep elf pyromancer
 11910 | D:10     | Killed a deep elf pyromancer
 12085 | D:10     | Noticed Joseph
 12099 | D:10     | Killed Joseph
 12518 | D:11     | Found a staircase to the Orcish Mines.
 12518 | D:11     | You fall into a shaft and drop 1 floor!
 12541 | D:12     | Noticed a gargoyle
 12691 | D:11     | Reached XP level 11. HP: 68/95 MP: 14/14
 12978 | D:11     | Slain by an orc warrior

Illustrated notes

Levels and vault maps discovered:
D:1:      spicycebolla_green_bress_n_ham_2, layout_basic, serial_shops,
          nicolae_square_shop, chequers_ecumenical_altar_simple
D:2:      layout_rooms, minmay_3d_cube
D:3:      layout_loops_ring, uniq_crazy_yiuf_cottage
D:4:      nicolae_cairo_tiling, layout_basic, ashenzari_altar_1, serial_shops,
          shop
D:5:      minmay_clustersquares, layout_gridville,
          minmay_temple_entry_butterflies, serial_shops, kennysheep_mini_moat,
          minmay_misc_feat_square
D:6:      layout_basic
D:7:      layout_loops_cross, gammafunk_temple_overflow_elements,
          kennysheep_generic_room_16
D:8:      layout_layer_cave, abandoned_shop
D:9:      layout_stronghold, grunt_lair_entry_orc_guard_hut, uniq_maggie
D:10:     layout_loops_ring, overflow_temple_1_default,
          mainiacjoe_overflow_alcove_4, uniq_joseph
D:11:     layout_grid_maze, kennysheep_orc_monster_closet_entryway,
          serial_shops, nicolae_square_shop
D:12:     layout_cave_pods, chequers_serial_rivers_small_3,
          minmay_statue_bubble, uniq_erolcha
Temple:   minmay_temple_bridge_d

Skill      XL: |  1  2  3  4  5  6  7  8  9 10 |
---------------+-------------------------------+-----
Maces & Flails | 2 3 4 5 6 |  6.8
Armour         | 3 4 5 6 7 |  7.1
Shields        | 3 4 5 6 7 |  7.2
Fighting       | 4 5 6 7 8 |  8.6
Invocations    | 3 4 6 |  6.4
Throwing       | 1 3 4 |  4.8

Action                   |  1- 3 |  4- 6 |  7- 9 | 10-12 || total
-------------------------+-------+-------+-------+-------++-------
Melee: Flail             |   122 |   174 |   384 |   196 ||   876
       Morningstar       |       |       |       |    34 ||    34
Invok: Heroism           |       |       |       |     9 ||     9
  Use: Scroll            |       |     2 |    12 |     3 ||    17
       Potion            |       |       |     1 |     1 ||     2
Armor: Scale mail        |    68 |   107 |   180 |       ||   355
       Chain mail        |       |       |   144 |    68 ||   212
       Plate armour      |       |       |       |    67 ||    67
Dodge: Dodged            |    71 |    85 |   196 |    62 ||   414
Block: Buckler           |    28 |    45 |    24 |       ||    97
       Kite shield       |       |       |   220 |   132 ||   352

Table legend: (Time is in decaauts)
 A = Elapsed time spent in this place.
 B = Non-inter-level travel time spent in this place.
 C = Inter-level travel time spent in this place.
 D = Time resting spent in this place.
 E = Time spent auto-exploring this place.
 F = Levels seen in this place.
 G = Mean time per level.
                   A        B        C        D        E       F      G
               +--------+--------+--------+--------+--------+-----+--------+
         Total |  13213 |  12530 |    683 |   1237 |   9293 |  13 | 1016.4 |
       Dungeon |  13048 |  12456 |    592 |   1237 |   9230 |  12 | 1087.3 |
        Temple |    165 |     74 |     91 |      0 |     63 |   1 |  165.0 |
               +--------+--------+--------+--------+--------+-----+--------+

Top non-repeatable levels by time:
     D:7: 2178 daAuts
     D:9: 1738 daAuts
     D:8: 1414 daAuts
    D:10: 1298 daAuts
     D:1: 1211 daAuts
     D:2: 1114 daAuts
     D:3: 1081 daAuts
     D:4: 830 daAuts
     D:5: 802 daAuts
     D:6: 799 daAuts
    D:11: 552 daAuts
  Temple: 165 daAuts
    D:12: 26 daAuts
